 Dungeon Sprint DCSS version 0.16-a0-3049-g2a447e9 (webtiles) character file.

6 BluebellGnoll the Protected (level 2, -7/19 HPs)
             Began as a Formicid Earth Elementalist on Dec 9, 2014.
             Splashed by a yellow draconian's acid (21 damage)
             ... in the Dungeon (Sprint V: "Ziggurat Sprint").
             The game lasted 00:01:11 (63 turns).

BluebellGnoll the Protected (FoEE)                    Turns: 63, Time: 00:01:12

Health: -7/19      AC: 16    Str: 21    XL:     2   Next: 0%
Magic:  5/5        EV: -3    Int: 14    God:
Gold:   0          SH: 26    Dex: 17    Spells: 1 memorised, 4 levels left

rFire  + . .     SeeInvis +     D - +14 obsidian axe {chop, +Fly Str+3 SInv Curse} (curse)
rCold  + . .     Clarity  .     y - +5 gold dragon armour
rNeg   + . .     SustAb   .     G - +18 shield of the gong {rElec rN+ MR+ EV-5}
rPois  +         Gourm    .     (helmet unavailable)
rElec  +         Spirit   .     (no cloak)
rCorr  .         Warding  .     (no gloves)
rMut   .         Stasis   +     (no boots)
MR     +....                    (no amulet)
Stlth  ..........               l - +6 ring of dexterity
                                p - +6 ring of strength

@: corroded equipment, mesmerised, somewhat resistant to hostile enchantments,
extremely unstealthy
A: permanent stasis, dig shafts and tunnels, four strong arms, antennae 3
a: Dig, Evoke Flight


You were in the Dungeon.
You were not hungry.

You visited 1 branch

Inventory:

Hand weapons
 D - the cursed +14 obsidian axe (weapon) {chop, +Fly Str+3 SInv Curse}
   (You found it in the Dungeon)

   It inflicts extra damage upon your enemies.
   It affects your strength (+3).
   It enhances your eyesight.
   It lets you fly.
   It may recurse itself when equipped.
   It has a curse placed upon it.
 H - a +5 executioner's axe
Missiles
 b - 20 stones (quivered)
Armour
 c - a +0 robe
 y - a +5 gold dragon armour (worn)
 G - the +18 shield of the gong (worn) {rElec rN+ MR+ EV-5}
   (You found it in the Dungeon)

   It affects your evasion (-5).
   It insulates you from electricity.
   It protects you from negative energy.
   It affects your resistance to hostile enchantments.
Jewellery
 l - a +6 ring of dexterity (right hand)
 n - a +6 ring of intelligence
 o - a +6 ring of intelligence
 p - a +6 ring of strength (left hand)
Magical devices
 g - a wand of disintegration (7)
 i - a wand of fire (5)
 j - a wand of cold (5)
 k - a wand of draining (5)
Scrolls
 r - 4 scrolls of amnesia
 s - 3 scrolls of recharging
 t - 7 scrolls of fog
 u - a scroll of holy word
 v - 5 scrolls of identify
 w - 5 scrolls of remove curse
 x - 2 scrolls of fear
Potions
 e - 10 potions of curing
 f - 10 potions of heal wounds
 h - 7 potions of magic
 z - 2 potions of brilliance
 A - 2 potions of invisibility
 B - 2 potions of restore abilities
 C - 4 potions of resistance
 E - 5 potions of agility
 F - 5 potions of might
Books
 d - a book of Geomancy

   Spells                             Type                      Level
   a - Sandblast                      Earth                        1
   b - Stoneskin                      Transmutation/Earth          2
   c - Passwall                       Transmutation/Earth          3
   d - Stone Arrow                    Conjuration/Earth            3
   e - Petrify                        Transmutation/Earth          4
   f - Lee's Rapid Deconstruction     Earth                        5
Comestibles
 a - 5 bread rations
 m - 42 fruits
 q - 4 meat rations


   Skills:
 - Level 8.0 Armour
 - Level 1.7 Dodging
 - Level 2.4 Stealth
 - Level 2.1 Spellcasting
   Level 1.1 Transmutations
 - Level 3.6 Earth Magic


You had 4 spell levels left.
You knew the following spells:

 Your Spells              Type           Power        Failure   Level  Hunger
a - Sandblast             Erth           ##....       100%        1    #......


Dungeon Overview and Level Annotations

Branches:
Dungeon (1/1)

Altars:
Ashenzari
Cheibriados
Dithmenos
Elyvilon
Fedhas
Gozag
Kikubaaqudgha
Makhleb
Nemelex Xobeh
Okawaru
Qazlal
Ru
Sif Muna
Trog
Vehumet
Xom
Yredelemnul
Zin
The Shining One
Beogh
Jiyva
Lugonu


Innate Abilities, Weirdness & Mutations

You are under a permanent stasis effect.
You can dig through walls and to a lower floor.
Your four strong arms can wield two-handed weapons with a shield.
You have a pair of large antennae on your head (SInv).


Message History

Things that are here:
a +5 bardiche; a +5 demon trident
Things that are here:
a +5 executioner's axe; a +5 battleaxe; a +5 broad axe
H - a +5 executioner's axe Your surroundings seem different!
Welcome to arena 1.
A draconian and a yellow draconian come into view.
Visions of slaying the yellow draconian flood into your mind.
The yellow draconian roars!
The draconian roars!
Found a legendary deck of escape and a plain deck of defence.
Visions of slaying the draconian flood into your mind.
You block the draconian's attack.
PTOANNNG!
You closely miss the draconian. You barely miss the yellow draconian.
Visions of slaying the yellow draconian flood into your mind.
The draconian hits you. The yellow draconian spits acid at you.
The splash of acid hits you! The acid corrodes your equipment!
The acid burns!
Ouch! That really hurt!
You die...

▓▓▓▓▓▓▓
▓.8©8.▓
▓.....▓
▓.}.}.▓
▓..d..▓
▓..d@.▓
▓.....▓
▓▓▓▓▓▓▓
{{{ {


You could see a yellow draconian and a draconian.

Vanquished Creatures (others)
  Terence (D)
1 creature vanquished.

Notes
Turn   | Place    | Note
--------------------------------------------------------------
     0 | D        | BluebellGnoll, the Formicid Earth Elementalist, began the quest for the Orb.
     0 | D        | Reached XP level 1. HP: 13/13 MP: 3/3
     0 | D        | Found a viscous altar of Jiyva.
     0 | D        | Found a corrupted altar of Lugonu.
     0 | D        | Found a white marble altar of Elyvilon.
     2 | D        | Found a sparkling altar of Nemelex Xobeh.
     2 | D        | Found a burning altar of Makhleb.
     2 | D        | Found a deep blue altar of Sif Muna.
     2 | D        | Killed Terence
     3 | D        | Found a bloodstained altar of Trog.
     6 | D        | Found an iron altar of Okawaru.
    13 | D        | Found a radiant altar of Vehumet.
    14 | D        | Found a basalt altar of Yredelemnul.
    34 | D        | Reached skill level 8 in Armour
    34 | D        | Reached XP level 2. HP: 19/19 MP: 5/5
    51 | D        | Found a shimmering altar of Xom.
    61 | D        | Entered arena 1.
    61 | D        | Noticed a yellow draconian
    61 | D        | Noticed a draconian
    63 | D        | Splashed by a yellow draconian's acid

Action                   || total
-------------------------++-------
Melee: Broad axe         ||     1
  Use: Potion            ||     1
